 Dungeon Crawl Stone Soup version 0.16-a0-3606-g1520cdc (webtiles) character file.

23877 PolkaDot the Bewitcher (level 12, -1/76 HPs)
             Began as a Vampire Enchanter on Jan 13, 2015.
             Was a Priest of Ashenzari.
             Slain by a raven (9 damage)
             ... led by a tengu warrior
             ... on level 13 of the Dungeon.
             The game lasted 00:47:49 (19638 turns).

PolkaDot the Bewitcher (Vampire Enchanter)         Turns: 19638, Time: 00:47:49

Health: -1/76      AC: 10    Str:  7    XL:     12   Next: 75%
Magic:  14/18      EV: 13    Int: 21    God:    Ashenzari [***...]
Gold:   593        SH:  0    Dex: 14    Spells: 6 memorised, 0 levels left

rFire  + . .     SeeInvis +     a - +2 dagger (curse)
rCold  + + .     Clarity  +     g - +2 leather armour {MR+} (curse)
rNeg   + + +     SustAb   .     (no shield)
rPois  ∞         Gourm    .     l - +0 hat (curse)
rElec  .         Spirit   .     y - +2 cloak (curse)
rCorr  .         Warding  .     E - +0 pair of gloves (curse)
rMut   .         Stasis   .     (no boots)
MR     ++...                    (no amulet)
Stlth  +++++++++.               s - ring of protection from fire
                                H - ring of flight

@: bloodless, non-regenerating, very resistant to hostile enchantments,
incredibly stealthy
A: bottle blood, fangs 3, rugged brown scales 1, see invisible, unbreathing
a: Bat Form, Renounce Religion, Evoke Flight


You were on level 13 of the Dungeon.
You worshipped Ashenzari.
Ashenzari was most pleased with you.
You were bloodless.

You visited 2 branches of the dungeon, and saw 14 of its levels.

You collected 593 gold pieces.

Inventory:

Hand weapons
 a - a cursed +2 dagger (weapon)
Missiles
 q - 2 throwing nets (quivered)
Armour
 g - a cursed +2 leather armour of magic resistance (worn)
 l - a cursed +0 hat (worn)
 y - a cursed +2 cloak (worn)
 E - a cursed +0 pair of gloves (worn)
Jewellery
 s - a ring of protection from fire (right hand)
 H - a ring of flight (left hand)
Magical devices
 c - a wand of fireball (5)
 i - a wand of lightning (8)
 n - a wand of slowing (27)
 o - a wand of fire (2)
 u - a wand of frost (29)
 C - a wand of slowing (34)
 G - a wand of draining (0)
Scrolls
 b - 2 scrolls of remove curse
 d - a scroll of fear
 e - a scroll of blinking
 f - a scroll of teleportation
 h - 2 scrolls of recharging
 j - 3 scrolls of curse armour
 k - 2 scrolls of immolation
 m - 2 scrolls of enchant armour
 r - a scroll of curse jewellery
 t - 3 scrolls of amnesia
 v - a scroll of identify
 w - 2 scrolls of enchant weapon
 x - a scroll of noise
 B - 3 scrolls of fog
 D - a scroll of vulnerability {unknown}
 F - a scroll of brand weapon {unknown}
 I - a scroll of magic mapping {unknown}
Potions
 z - a potion of haste
 J - a potion of agility
Books
 p - a book of the Tempests

   Spells                             Type                      Level
   a - Static Discharge               Conjuration/Air              3
   b - Lightning Bolt                 Conjuration/Air              5
   c - Fireball                       Conjuration/Fire             5
   d - Tornado                        Air                          9
   e - Shatter                        Earth                        9
 A - a Grand Grimoire {highlevel, unknown}

   This book is beyond your current level of understanding.

   Spells                             Type                      Level
   a - Aura of Abjuration             Summoning                    6
   b - Forceful Dismissal             Summoning                    6
   c - Summon Greater Demon           Summoning                    7
   d - Malign Gateway                 Summoning/Translocation      7
   e - Summon Horrible Things         Summoning                    8


   Skills:
 + Level 11.5(14.1) Short Blades
 - Level 2.1(3.6) Dodging
 + Level 16.1(17.6) Stealth
 - Level 2.0 Spellcasting
 * Level 19.8 Hexes
 - Level 4.0 Ice Magic


You couldn't memorise any spells.
You knew the following spells:

 Your Spells              Type           Power        Failure   Level  Hunger
a - Corona                Hex            ######.      0%          1    #......
b - Sure Blade            Hex/Chrm       #####.....   1%          2    ##.....
c - Confuse               Hex            ######..     0%          3    ###....
d - Ensorcelled Hibernat  Hex/Ice        ######       1%          2    ##.....
e - Enslavement           Hex            ######..     1%          4    #####..
r - Regeneration          Chrm/Necr      #.........   43%         3    ###....


Dungeon Overview and Level Annotations

Branches:
Dungeon (13/15) Temple (1/1) D:4 Lair (0/8) D:8 D:10 Orc (0/4) D:10 Vaults: D:13-14

Altars:
Ashenzari
Cheibriados
Dithmenos
Elyvilon
Fedhas
Kikubaaqudgha
Makhleb
Nemelex Xobeh
Okawaru
Ru
Sif Muna
Trog
Vehumet
Xom
Yredelemnul
Zin
The Shining One

Shops:
D:9 !

Annotations:
D:9 Gastronok
D:12 Erica, Harold


Innate Abilities, Weirdness & Mutations

You do not heal naturally.
You can bottle blood from corpses.
You have razor-sharp teeth.
You have supernaturally acute eyesight.
You can survive without breathing.
You are partially covered in rugged brown scales (AC +1, +3% HP).


Message History

You hit the hungry ghost.
The hungry ghost is lightly damaged.
A tengu warrior comes into view. It is wielding a war axe.
You catch the helpless hungry ghost completely off-guard!
You skewer the hungry ghost like a kebab!!!
You destroy the hungry ghost!
The raven barely misses you. The raven misses you. The raven pecks you.
* * * LOW HITPOINT WARNING * * *
The raven claws you but does no damage.
Casting: Confuse
Confirm with . or Enter, or press ? or * to list all spells.
Aiming: Ensorcelled Hibernation
Press: ? - help, Shift-Dir - straight line, f - raven
Aim: a raven (chance 73%)
The raven looks drowsy...
The raven pecks you!
* * * LOW HITPOINT WARNING * * *
The raven claws you.
* * * LOW HITPOINT WARNING * * *
The raven misses you. The raven claws you!
You die...

. , , ###..,, ## *
####....e. #.# ....
#....#.>.. * #.#
..#..#####........
#.#
.##...........#*
#.##.............#*
,
#.#...##.....###.#
*
##.#..###.##..##@b#
#.............##b##
#.........##.##..#
...#......##..Q.##
..#.......###..##
###.......##..##
..........##..#
##(.......#...#
.(..........#.###


You could see a tengu warrior and 2 ravens.

Vanquished Creatures
  A hydra (D:11)
  A centaur warrior (D:10)
  The ghost of Econoterrorist the Thaumaturge, a powerful DECj of Vehumet (D:10)
  Urug (D:11)
  4 hill giants
  2 unseen horrors (D:13)
  An orc knight (D:12)
  An ugly thing (D:11)
  3 cyclopes
  Maurice (D:8)
  The ghost of Bloax the Chopper, an experienced DgFi (D:6)
  A gargoyle (D:10)
  Psyche (D:9)
  A kobold demonologist (D:12)
  A fire drake (D:8)
  2 trolls
  4 slime creatures (D:12)
  A two-headed ogre (D:12)
  A spriggan (D:12)
  A wyvern (D:12)
  A hungry ghost (D:13)
  A deep elf mage (D:12)
  Grum (D:12)
  28 yaks
  2 hippogriffs
  A vampire mosquito (D:12)
  3 wolves (D:12)
  A deep elf fighter (D:10)
  Edmund (D:6)
  2 ice beasts
  A sky beast (D:10)
  An eye of draining (D:10)
  6 phantoms
  12 orc warriors
  7 ogres
  A necrophage (D:10)
  2 big kobolds
  2 crocodiles
  3 black bears
  3 centaurs
  11 giant frogs
  3 scorpions
  12 killer bees
  3 hounds
  3 centaur zombies
  5 crimson imps
  2 giant frog zombies
  A gnoll shaman (D:6)
  3 centaur skeletons
  4 giant frog skeletons
  A goliath beetle (D:6)
  A quasit (D:12)
  7 orc priests
  6 jellies
  11 orc wizards
  3 iguanas
  10 worker ants
  A hound zombie (D:5)
  3 hound skeletons
  6 gnolls (D:6)
  11 adders
  A worker ant zombie (D:10)
  4 river rats (D:10)
  4 giant mites
  4 worms
  An adder zombie (D:5)
  An adder skeleton (D:7)
  4 giant geckos
  An ooze (D:4)
  56 orcs
  17 bats
  2 bat skeletons
  6 giant cockroaches
  18 hobgoblins
  9 jackals
  10 quokkas
  A ball python (D:5)
  A giant gecko skeleton (D:5)
  6 giant newts
  11 goblins
  A jackal skeleton (D:4)
  24 kobolds
  33 rats
  A ballistomycete (D:8)
432 creatures vanquished.

Vanquished Creatures (collateral kills)
  Joseph (D:12)
  4 yaks (D:12)
  A wyvern (D:10)
  A vampire mosquito (D:12)
  A centaur (D:13)
8 creatures vanquished.

Vanquished Creatures (others)
  A shadow (D:13)
  A vampire mosquito (D:12)
  4 yaks (D:10)
  An orc (D:8)
  A giant spore (D:8)
  A ballistomycete (D:8)
  A fungus (D:10)
10 creatures vanquished.

Grand Total: 450 creatures vanquished

Notes
Turn   | Place    | Note
--------------------------------------------------------------
     0 | D:1      | PolkaDot, the Vampire Enchanter, began the quest for the Orb.
     0 | D:1      | Reached XP level 1. HP: 13/13 MP: 3/3
   228 | D:1      | Reached XP level 2. HP: 19/19 MP: 4/4
   232 | D:1      | Learned a level 2 spell: Ensorcelled Hibernation
   690 | D:1      | Reached skill level 5 in Stealth
   736 | D:1      | Reached skill level 5 in Hexes
   934 | D:2      | Reached XP level 3. HP: 22/24 MP: 6/6
  1474 | D:2      | Learned a level 3 spell: Confuse
  1492 | D:2      | Reached XP level 4. HP: 30/30 MP: 4/7
  1600 | D:2      | Reached skill level 6 in Hexes
  2830 | D:3      | Reached XP level 5. HP: 33/35 MP: 6/9
  3444 | D:4      | Found a shattered altar of Ashenzari.
  3444 | D:4      | Found a radiant altar of Vehumet.
  3451 | D:4      | Became a worshipper of Ashenzari the Shackled
  3884 | D:4      | Reached skill level 7 in Hexes
  4285 | D:4      | Found a staircase to the Ecumenical Temple.
  4296 | Temple   | Entered the Ecumenical Temple
  4924 | D:4      | Reached XP level 6. HP: 36/41 MP: 3/10
  5248 | D:5      | Entered Level 5 of the Dungeon
  5403 | D:5      | Reached skill level 8 in Hexes
  5585 | D:5      | HP: 1/41 [giant frog skeleton (7)]
  6100 | D:5      | Reached XP level 7. HP: 33/46 MP: 12/12
  6820 | D:5      | Reached skill level 9 in Hexes
  7805 | D:5      | Reached skill level 5 in Short Blades
  7937 | D:5      | Reached skill level 10 in Hexes
  8107 | D:6      | Noticed Bloax's ghost (experienced DgFi)
  8139 | D:6      | Killed Bloax's ghost
  8139 | D:6      | Reached XP level 8. HP: 19/52 MP: 11/13
  8327 | D:6      | Noticed Edmund
  8358 | D:6      | Gained mutation: You are partially covered in rugged brown scales (AC +1, +3% HP). [potion of beneficial mutation]
  8372 | D:6      | Killed Edmund
  8719 | D:6      | Reached skill level 11 in Hexes
  9435 | D:6      | Learned a level 4 spell: Enslavement
  9723 | D:7      | Reached XP level 9. HP: 58/58 MP: 14/14
  9862 | D:7      | Reached skill level 10 in Stealth
 10184 | D:7      | Reached skill level 12 in Hexes
 10876 | D:8      | Noticed Maurice
 10911 | D:8      | Killed Maurice
 11031 | D:8      | Noticed a fire drake
 11035 | D:8      | Killed a fire drake
 11035 | D:8      | Reached skill level 13 in Hexes
 11059 | D:8      | Acquired Ashenzari's first power
 11066 | D:8      | Found a staircase to the Lair.
 11691 | D:9      | Found a shadowy altar of Dithmenos.
 11840 | D:9      | Noticed Psyche
 11845 | D:9      | Killed Psyche
 11845 | D:9      | Reached XP level 10. HP: 64/64 MP: 16/16
 11849 | D:9      | Found Xekk's Distillery.
 11864 | D:9      | Reached skill level 14 in Hexes
 11914 | D:9      | Noticed Gastronok
 12263 | D:10     | Entered Level 10 of the Dungeon
 12425 | D:9      | Reached skill level 15 in Hexes
 12773 | D:10     | Found a staircase to the Lair.
 12976 | D:10     | Noticed Econoterrorist's ghost (powerful DECj)
 12993 | D:10     | Killed Econoterrorist's ghost
 12993 | D:10     | Reached skill level 16 in Hexes
 12993 | D:10     | Reached XP level 11. HP: 28/70 MP: 5/17
 13712 | D:10     | Noticed a hill giant
 13730 | D:10     | Killed a hill giant
 14176 | D:10     | Found a staircase to the Orcish Mines.
 14565 | D:10     | Noticed a centaur warrior
 14578 | D:10     | Killed a centaur warrior
 15073 | D:10     | Learned a level 2 spell: Sure Blade
 15115 | D:11     | Noticed Urug
 15129 | D:11     | Killed Urug
 15138 | D:11     | Noticed a four-headed hydra
 15161 | D:11     | Killed a four-headed hydra
 15161 | D:11     | Reached skill level 17 in Hexes
 15306 | D:11     | Reached skill level 10 in Short Blades
 16485 | D:11     | Noticed a hill giant
 16493 | D:11     | Killed a hill giant
 16493 | D:11     | Reached skill level 18 in Hexes
 16608 | D:11     | Reached XP level 12. HP: 76/76 MP: 12/18
 16680 | D:11     | Reached skill level 15 in Stealth
 16773 | D:11     | Learned a level 3 spell: Regeneration
 16802 | D:12     | Acquired Ashenzari's second power
 16930 | D:12     | Noticed Erica
 16931 | D:12     | Noticed Harold
 17984 | D:12     | Noticed Grum
 17988 | D:12     | Killed Grum
 18406 | D:12     | Noticed Joseph
 18419 | D:12     | Reached skill level 19 in Hexes
 18423 | D:12     | Killed Joseph
 19638 | D:13     | Slain by a raven

Action                   |  1- 3 |  4- 6 |  7- 9 | 10-12 || total
-------------------------+-------+-------+-------+-------++-------
Melee: Dagger            |    96 |   192 |   383 |   550 ||  1221
 Cast: Corona            |     9 |       |       |     3 ||    12
       Ensorcelled Hiber |     5 |    34 |    70 |   187 ||   296
       Confuse           |       |     4 |    11 |    18 ||    33
       Enslavement       |       |       |     1 |    13 ||    14
  Use: Scroll            |       |     6 |    15 |     8 ||    29
       Potion            |       |       |     5 |     7 ||    12
 Stab: Sleeping          |    15 |    44 |    66 |   139 ||   264
       Confused          |       |     2 |    11 |    15 ||    28
       Distracted        |       |     1 |     2 |     7 ||    10
       Betrayed ally     |       |       |       |     1 ||     1
  Eat: Corpse            |       |     1 |       |       ||     1
